 Dungeon Crawl Stone Soup version 0.18-a0-1791-g880dd48 (webtiles) character file.

705 Sixotanaka the Slicer (level 7, -9/52 HPs)
             Began as a Human Fighter on Apr 21, 2016.
             Was an Initiate of Gozag.
             Mangled by Menkaure (21 damage)
             ... on level 6 of the Dungeon.
             The game lasted 00:10:25 (5423 turns).

Sixotanaka the Slicer (Human Fighter)               Turns: 5423, Time: 00:10:25

Health: -9/52      AC:  7    Str: 21    XL:     7   Next: 99%
Magic:  7/7        EV:  7    Int:  9    God:    Gozag
Gold:   224        SH:  9    Dex: 14    Spells: 0 memorised, 6 levels left

rFire  + . .     SeeInvis .     k - +0 rapier
rCold  . . .     Gourm    +     D - +0 scale mail
rNeg   . . .     Faith    .     c - +0 shield
rPois  .         Spirit   .     (no helmet)
rElec  .         Dismiss  .     (no cloak)
rCorr  .         Reflect  .     (no gloves)
SustAt .         Harm     .     N - +0 pair of boots
MR     .....                    A - amulet of the gourmand
Stlth  ..........               (no ring)
                                I - ring of protection from fire

@: mighty, very slightly contaminated, hasted, very quick, not resistant to
hostile enchantments, extremely unstealthy
A: no striking features
a: Potion Petition, Call Merchant, Bribe Branch, Renounce Religion


You were on level 6 of the Dungeon.
You worshipped Gozag.
Gozag was noncommittal.
You were full.

You visited 2 branches of the dungeon, and saw 7 of its levels.

You collected 320 gold pieces.
You paid 96 gold pieces to Gozag.


   Skills:
 - Level 3.0 Fighting
 + Level 8.4 Short Blades
 - Level 3.0 Armour
 - Level 3.0 Shields


You had 6 spell levels left.
You didn't know any spells.

Dungeon Overview and Level Annotations

Branches:
Dungeon (6/15)             Temple (1/1) D:5

Altars:
Ashenzari
Cheibriados
Dithmenos
Elyvilon
Fedhas
Gozag
Kikubaaqudgha
Makhleb
Nemelex Xobeh
Okawaru
Pakellas
Qazlal
Ru
Sif Muna
Trog
Vehumet
Xom
Yredelemnul
Zin
Lugonu

Shops:
D:4 =   D:6 ((

Annotations:
D:6 Menkaure

Inventory:

Hand Weapons
 a - a +1 short sword of venom
   (You took it off a kobold on level 1 of the Dungeon)
 b - a +0 blowgun
 k - a +0 rapier (weapon)
Missiles
 r - 6 curare-tipped needles
 v - 27 poisoned needles
Armour
 c - a +0 shield (worn)
 D - a +0 scale mail (worn)
 N - a +0 pair of boots (worn)
Jewellery
 A - an amulet of the gourmand (around neck)
 I - a ring of protection from fire (left hand)
 O - an uncursed amulet of magic regeneration {unknown}
Wands
 y - a wand of enslavement (5/24)
 K - a wand of teleportation (2/9) {@v4}
Scrolls
 h - a scroll of amnesia {unknown}
 j - 3 scrolls of remove curse {unknown}
 l - 2 scrolls of random uselessness {unknown}
 m - a scroll of fear {unknown}
 n - a scroll of noise {unknown}
 p - 2 scrolls of enchant armour {unknown}
 s - 2 scrolls of recharging {unknown}
 t - a scroll of blinking {unknown}
 u - 6 scrolls of magic mapping
 x - 2 scrolls of enchant weapon
 B - a scroll of teleportation {unknown}
 J - a scroll of fog {unknown}
 P - a scroll of identify {@r1}
Potions
 e - 2 potions of haste {@q3}
 i - a potion of invisibility {unknown}
 o - 2 potions of flight
 q - 4 potions of curing {@q1}
 w - a potion of agility {unknown}
 z - a potion of cancellation {unknown}
 C - a potion of resistance {unknown}
 F - a potion of magic {unknown}
 H - a potion of brilliance {unknown}
Comestibles
 f - 3 bread rations
 g - 2 slices of pizza
 E - a beef jerky
 G - 8 fruits
 L - 2 meat rations
 M - a royal jelly

#####..............#
#...#...############ ........#
.###....#
.###....#########################
...........................M.....
.##....(#.#...#.#####..≈≈≈≈≈≈≈≈≈≈
.....[..#...#.#..M..#..≈≈≈≈≈≈≈≈≈≈
.##.......###...@8#...[≈≈≈≈≈≈≈≈≈≈
.##..#....###...#.####.≈≈≈≈≈≈≈≈≈≈
###..####.....###.# #.≈≈≈≈≈≈≈≈≈≈
..∩....##[###.###∩####.≈≈≈≈≈...≈≈
.......##............#.≈≈≈≈≈...≈≈
.......####..........#.≈≈≈≈≈..c≈≈
#.###### #......8...#.≈≈≈≈≈≈≈≈≈≈
........# #..........#.≈≈≈≈≈≈≈≈≈≈
..#####.# #..........#.≈≈≈≈≈≈≈≈≈≈


You could see Menkaure.


Message History

Found three altars.
Eating a chunk of flesh.
This raw flesh tastes great.
You continue eating. x2
Found a corrupted altar of Lugonu.
Found a shattered altar of Ashenzari.
Found a corrupted altar of Lugonu.
There is a white marble altar of Elyvilon here.
Found a bloodstained altar of Trog.
Found a shadowy altar of Dithmenos and an opulent altar of Gozag.
Found a deep blue altar of Sif Muna.
You enter the shallow water.
Moving in this stuff is going to be slow.
Why would you want to do that?
There is an opulent altar of Gozag here.
You kneel at the altar of Gozag.
Gozag welcomes you!
You pay a service fee of 96 gold.
Gozag offers you a free set of potion effects!
There is a sacrificial altar of Ru here.
There is a staircase back to the Dungeon here.
You climb upwards.
Welcome back to the Dungeon!
There is a staircase to the Ecumenical Temple here.
Done exploring.
Done exploring.
There is a stone staircase leading down, spattered with blood here.
You climb downwards.
There is a stone staircase leading up here.
Found a stone staircase leading down.
O - a thin jade amulet
Found a glowing hunting sling.
P - a scroll of identify {@r1} You see here a glowing hunting sling.
Found a robe.
Found 11 gold pieces.
Found 9 gold pieces.
Found Venaphuz's Antique Weapon Emporium.
You now have 215 gold pieces (gained 11).
There is an entrance to Venaphuz's Antique Weapon Emporium here.
You now have 224 gold pieces (gained 9).
Found a leather armour.
You see here a leather armour.
Found a spear.
Found a scroll labeled ZOENATEKUR.
Menkaure, Prince of Dust comes into view.
Menkaure shouts!
Menkaure murmurs, "It doesn't hurt if you pull your brain out of your nose yourself."
You start waiting.
You start waiting.
Menkaure mumbles some strange words.
Menkaure seems to speed up.
Drink which item? (? for menu, Esc to quit)
You feel yourself speed up.
You are very lightly contaminated with residual magic.
You barely miss Menkaure. Menkaure completely misses you.
You hit Menkaure. You block Menkaure's attack.
You hit Menkaure. You hit Menkaure. Menkaure closely misses you.
You barely miss Menkaure. You hit Menkaure. Menkaure hits you!
You hit Menkaure but do no damage. Menkaure hits you!
* * * LOW HITPOINT WARNING * * *
You hit Menkaure but do no damage. Menkaure hits you!
* * * LOW HITPOINT WARNING * * *
Drink which item? (? for menu, Esc to quit)
You feel better.
Drink which item? (? for menu, Esc to quit)
You feel very mighty all of a sudden. Menkaure hits you!!
You die...
Your body crumbles into a pile of gold.

Action                   |  1- 3 |  4- 6 |  7- 9 || total
-------------------------+-------+-------+-------++-------
Melee: Rapier            |   129 |   223 |    25 ||   377
       Short sword       |       |    63 |    47 ||   110
 Fire: Blowgun           |       |    10 |       ||    10
  Use: Scroll            |       |     4 |     1 ||     5
       Potion            |       |       |     4 ||     4
 Stab: Invisible         |       |     2 |       ||     2
  Eat: Chunk             |     1 |    11 |    10 ||    22
Armor: Scale mail        |    55 |    85 |    18 ||   158
Dodge: Dodged            |    31 |    57 |    11 ||    99
Block: Shield            |    65 |   119 |    27 ||   211

Vault maps used:
D:1:      dpeg_arrival_rhombi, minmay_quantized
D:2:      grunt_temple_overflow_growth_and_decay, grunt_pakellas_sulfur
D:3:      minitemple
D:4:      serial_shops, nicolae_shop_temple_entry_statues_fountains,
          uniq_natasha
D:5:      grunt_temple_overflow_champion_of_chaos,
          minmay_temple_entry_from_below_a, first_bread, uniq_blork_the_orc
D:6:      nicolae_whirlpool, serial_corexii_hall, corexii_hall_statues_l,
          corexii_hall_statues_l, serial_shops, shop, shop_statue, uniq_menkaure
Temple:   corrupted_temple

Notes
Turn   | Place    | Note
--------------------------------------------------------------
     0 | D:1      | Sixotanaka the Human Fighter began the quest for the Orb.
     0 | D:1      | Reached XP level 1. HP: 18/18 MP: 1/1
   134 | D:1      | Reached XP level 2. HP: 24/24 MP: 2/2
   257 | D:1      | Reached skill level 3 in Short Blades
   342 | D:1      | Reached XP level 3. HP: 29/29 MP: 3/3
  1042 | D:2      | Reached skill level 4 in Short Blades
  1042 | D:2      | Reached XP level 4. HP: 34/35 MP: 4/4
  1154 | D:2      | Found an oddly glowing altar of Pakellas.
  1233 | D:2      | Found a blossoming altar of Fedhas.
  1234 | D:2      | Found an ancient bone altar of Kikubaaqudgha.
  1978 | D:3      | Reached XP level 5. HP: 40/41 MP: 5/5
  2410 | D:3      | Reached skill level 5 in Short Blades
  2472 | D:3      | Found a radiant altar of Vehumet.
  2498 | D:3      | Found an oddly glowing altar of Pakellas.
  2498 | D:3      | Found a glowing silver altar of Zin.
  2498 | D:3      | Found a stormy altar of Qazlal.
  2498 | D:3      | Found an iron altar of Okawaru.
  2628 | D:3      | Found a snail-covered altar of Cheibriados.
  2629 | D:3      | Found a sparkling altar of Nemelex Xobeh.
  2905 | D:4      | Found Jayfiyxoh's Jewellery Shoppe.
  3485 | D:4      | Noticed Natasha
  3495 | D:4      | Killed Natasha
  3495 | D:4      | Reached XP level 6. HP: 32/47 MP: 6/6
  3633 | D:4      | Noticed Natasha
  3642 | D:4      | Killed Natasha
  3642 | D:4      | Reached skill level 6 in Short Blades
  3683 | D:4      | Noticed Natasha
  3697 | D:4      | Killed Natasha
  3811 | D:5      | Entered Level 5 of the Dungeon
  3860 | D:5      | Found a staircase to the Ecumenical Temple.
  3895 | D:5      | Found a burning altar of Makhleb.
  3895 | D:5      | Found a shimmering altar of Xom.
  4123 | D:5      | Reached XP level 7. HP: 52/52 MP: 7/7
  4149 | D:5      | Noticed Blork the orc
  4159 | D:5      | Killed Blork the orc
  4159 | D:5      | Reached skill level 7 in Short Blades
  4572 | D:6      | Reached skill level 8 in Short Blades
  4919 | D:5      | HP: 9/52 [gnoll (7)]
  4937 | D:6      | HP: 12/52 [gnoll/flail (3)]
  5183 | D:6      | Found Qaedwublui's Weapon Shop.
  5239 | Temple   | Entered the Ecumenical Temple
  5269 | Temple   | Became a worshipper of Gozag Ym Sagoz the Greedy
  5340 | D:6      | Found Venaphuz's Antique Weapon Emporium.
  5378 | D:6      | Noticed Menkaure
  5421 | D:6      | HP: 7/52 [Menkaure (17)]
  5423 | D:6      | Mangled by Menkaure

Vanquished Creatures
  An ogre (D:5)
  Blork the orc (D:5)
  A giant frog (D:6)
  A howler monkey (D:6)
  A giant frog zombie (D:6)
  2 crimson imps (D:5)
  2 worker ants
  Natasha (thrice) (D:4)
  6 gnolls
  5 adders
  A shadow imp (D:5)
  An adder skeleton (D:5)
  2 worms
  2 dart slugs
  5 giant geckos
  7 orcs
  4 bats
  4 giant cockroaches
  7 goblins
  10 hobgoblins
  12 jackals
  7 kobolds
  A quokka (D:4)
  3 ball pythons
  4 giant newts
  11 rats
104 creatures vanquished.
